[Event "Championnat de France Alpe d'Huez 2023 "]
[Site "ALPE D'HUEZ, France"]
[Date "2023.08.19"]
[Round "1.10"]
[White "DESCHAMPS, Quentin"]
[Black "GIL, Ludovic"]
[Result "1-0"]
[ECO "B38"]
[WhiteElo "1828"]
[BlackElo "1946"]
[PlyCount "79"]
[EventDate "2023.08.??"]
[TimeControl "1/40+30:0"]

1. e4 {3} c5 {3} 2. Nf3 {7} Nc6 {5} 3. d4 {6} cxd4 {4} 4. Nxd4 {7} g6 {7} 5. c4
{205} Bg7 {45} 6. Be3 {39} Nf6 {23} 7. Nc3 {24} d6 {1056} 8. Be2 {115} Bd7 {104
} 9. O-O {183} O-O {125} 10. Rc1 {143} a6 {28} 11. f3 {216} Rc8 {38} 12. Qd2 {
162} Ne5 {61} 13. b3 {72} Qa5 {43} 14. Nd5 {254} Qd8 {208} 15. Qb4 {923} Bc6 {
805} 16. Rfd1 {472} Ned7 {1521} 17. Bf2 {711} Bh6 {515} 18. Rc2 {263} a5 {299}
19. Nxf6+ {346} Nxf6 {14} 20. Qc3 {32} Nd7 {190} 21. Be3 {113} Bg7 {17} 22. Qe1
{128} Nc5 {150} 23. Qf2 {194} Qc7 {81} 24. Rcd2 {57} Bxe4 {106} 25. Nb5 {56}
Qc6 {65} 26. Bxc5 {85} dxc5 {39} 27. fxe4 {130} Qxe4 {13} 28. Bf3 {98} Qe6 {82}
29. Bxb7 {72} Rb8 {12} 30. Bd5 {43} Qe5 {174} 31. Re2 {109} Qg5 {35} 32. Qe3 {
80} Qxe3+ {377} 33. Rxe3 {7} e6 {24} 34. Bf3 {15} Rxb5 {55} 35. cxb5 {20} Bd4 {
3} 36. Kf2 {94} Rb8 {111} 37. a4 {37} e5 {43} 38. Ke2 {60} Bxe3 {44} 39. Kxe3 {
6} f5 {3} 40. Rd7 {98} 1-0

[Event "Championnat de France Alpe d'Huez 2023 "]
[Site "ALPE D'HUEZ, France"]
[Date "2023.08.19"]
[Round "1.11"]
[White "SIMON, Edouard"]
[Black "BUTTARD, Axel"]
[Result "1/2-1/2"]
[ECO "C28"]
[WhiteElo "1946"]
[BlackElo "1827"]
[PlyCount "40"]
[EventDate "2023.08.??"]
[TimeControl "1/40+30:0"]

1. Nc3 {3} Nf6 {79} 2. e4 {9} e5 {6} 3. Bc4 {7} Nc6 {418} 4. f4 {17} d6 {67} 5.
Nf3 {114} Bg4 {91} 6. d3 {35} Nd4 {152} 7. fxe5 {967} dxe5 {377} 8. Bxf7+ {149}
Kxf7 {5} 9. Nxe5+ {5} Ke8 {261} 10. Nxg4 {5} Nxg4 {166} 11. Qxg4 {5} Nxc2+ {17}
12. Ke2 {2} Nxa1 {1207} 13. Qh5+ {17} Kd7 {11} 14. Qf5+ {35} Ke8 {99} 15. Bg5 {
717} Be7 {389} 16. Rf1 {45} Nc2 {980} 17. Qf7+ {440} Kd7 {6} 18. Qf5+ {69} Ke8
{16} 19. Qf7+ {37} Kd7 {6} 20. Qf5+ {4} Ke8 {18} 1/2-1/2

[Event "Championnat de France Alpe d'Huez 2023 "]
[Site "ALPE D'HUEZ, France"]
[Date "2023.08.19"]
[Round "1.12"]
[White "BERNAT-WINTER, Vassili"]
[Black "VEYSSEYRE, Robin"]
[Result "1-0"]
[ECO "C54"]
[WhiteElo "1825"]
[BlackElo "1945"]
[PlyCount "55"]
[EventDate "2023.08.??"]
[TimeControl "1/40+30:0"]

1. e4 {1} e5 {6} 2. Nf3 {16} Nc6 {6} 3. Bc4 {19} Nf6 {9} 4. d3 {28} Bc5 {12} 5.
c3 {61} a6 {87} 6. a4 {164} d6 {272} 7. Na3 {475} Bg4 {884} 8. O-O {786} O-O {
679} 9. Bg5 {612} h6 {868} 10. Bh4 {72} g5 {282} 11. Bg3 {15} a5 {101} 12. Re1
{648} Kg7 {932} 13. Nc2 {816} Nh5 {563} 14. d4 {1001} Bb6 {152} 15. dxe5 {384}
Nxg3 {138} 16. hxg3 {92} Nxe5 {75} 17. Bd3 {185} Qf6 {129} 18. Be2 {75} Bxf3 {
264} 19. gxf3 {86} Rad8 {301} 20. Rc1 {162} c6 {43} 21. Nd4 {21} d5 {41} 22.
Nf5+ {29} Kh8 {32} 23. Qb3 {65} dxe4 {71} 24. fxe4 {21} Bc5 {31} 25. Kg2 {24}
Nd3 {67} 26. Bxd3 {50} Rxd3 {1} 27. Rh1 {2} Kh7 {102} 28. Qc4 {54} 1-0

[Event "Championnat de France Alpe d'Huez 2023 "]
[Site "ALPE D'HUEZ, France"]
[Date "2023.08.20"]
[Round "2.9"]
[White "FAHYS, Bertrand"]
[Black "CIARLETTA, Ulysse"]
[Result "0-1"]
[ECO "D00"]
[WhiteElo "1835"]
[BlackElo "1937"]
[PlyCount "64"]
[EventDate "2023.08.??"]
[TimeControl "1/40+30:0"]

1. d4 {324} Nf6 {12} 2. Nc3 {90} d5 {27} 3. Bf4 {106} a6 {11} 4. e3 {190} Bf5 {
21} 5. f3 {545} c5 {500} 6. Nge2 {111} Nc6 {126} 7. g4 {215} Bg6 {34} 8. h4 {18
} h6 {102} 9. a3 {1285} e6 {201} 10. Qd2 {338} b5 {97} 11. Na2 {329} c4 {414}
12. Nb4 {81} Nxb4 {229} 13. axb4 {53} a5 {34} 14. bxa5 {84} b4 {142} 15. a6 {
168} Qb6 {60} 16. Bg2 {127} Rxa6 {608} 17. Kf2 {15} Be7 {66} 18. h5 {398} Bh7 {
79} 19. g5 {37} hxg5 {523} 20. Bxg5 {14} Rxa1 {828} 21. Rxa1 {58} Qb7 {515} 22.
Rh1 {868} Ng4+ {249} 23. fxg4 {10} Bxg5 {9} 24. Ra1 {185} O-O {118} 25. Nf4 {44
} b3 {121} 26. cxb3 {129} Qxb3 {11} 27. Ne2 {270} Rb8 {111} 28. Ra3 {35} Qb6 {
38} 29. Kg3 {85} Bb1 {139} 30. Nc3 {44} Qxb2 {162} 31. Nxb1 {24} Qxb1 {12} 32.
Ra2 {148} Qb3 {0} 0-1

[Event "Championnat de France Alpe d'Huez 2023 "]
[Site "ALPE D'HUEZ, France"]
[Date "2023.08.20"]
[Round "2.10"]
[White "MELIS, Achille"]
[Black "LECONTE, Roman"]
[Result "1-0"]
[ECO "C00"]
[WhiteElo "1935"]
[BlackElo "1832"]
[PlyCount "91"]
[EventDate "2023.08.??"]
[TimeControl "1/40+30:0"]

1. e4 {2} e6 {8} 2. d3 {7} d5 {13} 3. Nd2 {4} c5 {122} 4. Ngf3 {9} Nc6 {31} 5.
g3 {24} d4 {167} 6. Bg2 {39} e5 {29} 7. O-O {13} Bg4 {77} 8. h3 {341} Be6 {48}
9. Ne1 {232} Qd7 {305} 10. Kh2 {12} Bd6 {286} 11. f4 {998} f6 {98} 12. Ndf3 {
188} h6 {285} 13. f5 {470} Bf7 {50} 14. Nh4 {54} Nge7 {436} 15. Rf2 {106} O-O-O
{540} 16. c4 {281} Rdg8 {460} 17. Rb1 {497} g5 {65} 18. fxg6 {51} Nxg6 {384}
19. Nf5 {122} Be6 {264} 20. Qh5 {552} Bxf5 {116} 21. exf5 {83} Nf8 {440} 22.
Be4 {47} Nh7 {55} 23. h4 {88} Ng5 {38} 24. Bd5 {539} Re8 {314} 25. Qg6 {176}
Ne7 {149} 26. Be6 {531} Nxe6 {248} 27. fxe6 {6} Qc7 {58} 28. Qh5 {212} f5 {204}
29. Ng2 {82} Reg8 {142} 30. a3 {76} Rg4 {108} 31. Rxf5 {90} Rhg8 {59} 32. Rf8+
{38} Rxf8 {9} 33. Qxg4 {10} Rf1 {212} 34. Qe2 {79} Rf6 {19} 35. b4 {75} Nf5 {
108} 36. Qe4 {38} Qg7 {34} 37. g4 {35} Ne3 {112} 38. Bxe3 {107} dxe3 {19} 39.
Nxe3 {45} Rf4 {51} 40. Nf5 {160} Rxe4 {185} 41. Nxg7 {18} Rxg4 {68} 42. Nf5 {
205} Bc7 {161} 43. bxc5 {358} b6 {238} 44. Kh3 {316} h5 {39} 45. Ne7+ {40} Kd8
{127} 46. Nd5 {16} 1-0

[Event "Championnat de France Alpe d'Huez 2023 "]
[Site "ALPE D'HUEZ, France"]
[Date "2023.08.20"]
[Round "2.11"]
[White "NIEMI, Gregory"]
[Black "SALMON, Vivien"]
[Result "1/2-1/2"]
[ECO "E69"]
[WhiteElo "1835"]
[BlackElo "1929"]
[PlyCount "69"]
[EventDate "2023.08.??"]
[TimeControl "1/40+30:0"]

1. c4 {18} Nf6 {41} 2. Nc3 {28} g6 {49} 3. g3 {85} Bg7 {42} 4. Bg2 {8} d6 {62}
5. d4 {70} O-O {58} 6. Nf3 {13} Nbd7 {44} 7. O-O {45} e5 {28} 8. e4 {176} c6 {
192} 9. h3 {136} Qb6 {625} 10. c5 {190} dxc5 {98} 11. dxe5 {10} Ne8 {27} 12. e6
{9} fxe6 {124} 13. Ng5 {27} Nc7 {472} 14. Qe2 {1127} h6 {652} 15. Nf3 {67} Kh7
{90} 16. Be3 {1035} e5 {202} 17. Nh4 {645} Ne6 {393} 18. f4 {934} Nd4 {827} 19.
Qg4 {152} Rf6 {117} 20. Rf2 {87} Rd6 {759} 21. f5 {259} g5 {88} 22. Ng6 {49}
Nf6 {97} 23. Qd1 {145} Nxf5 {29} 24. Qf3 {168} Nxe3 {68} 25. Ne7 {12} Nxg2 {75}
26. Nxc8 {5} Rxc8 {224} 27. Qf5+ {5} Kh8 {104} 28. Qxc8+ {6} Rd8 {40} 29. Qe6 {
17} Re8 {170} 30. Qf7 {163} Rf8 {24} 31. Qe6 {41} Re8 {8} 32. Qf7 {3} Rf8 {56}
33. Qe6 {10} Ne3 {118} 34. Qxe5 {58} Nc4 {20} 35. Qf5 {20} 1/2-1/2

[Event "Championnat de France Alpe d'Huez 2023 "]
[Site "ALPE D'HUEZ, France"]
[Date "2023.08.20"]
[Round "2.12"]
[White "CREFF, Mathis"]
[Black "DUBOIS, Marie"]
[Result "0-1"]
[ECO "B20"]
[WhiteElo "1831"]
[BlackElo "1922"]
[PlyCount "54"]
[EventDate "2023.08.??"]
[TimeControl "1/40+30:0"]

1. e4 {2} c5 {80} 2. g3 {5} Nc6 {50} 3. Bg2 {10} g6 {42} 4. Ne2 {7} Bg7 {12} 5.
O-O {7} e6 {220} 6. c3 {50} Qb6 {739} 7. Na3 {271} Nge7 {25} 8. Nc4 {496} Qc7 {
11} 9. Ne3 {51} O-O {2423} 10. d4 {195} cxd4 {24} 11. cxd4 {152} Qb6 {240} 12.
d5 {753} Nd4 {130} 13. Nxd4 {225} Bxd4 {34} 14. Nc4 {135} Qc5 {50} 15. Be3 {46}
Bxe3 {243} 16. Nxe3 {17} exd5 {483} 17. Rc1 {48} Qb6 {166} 18. Nxd5 {78} Nxd5 {
5} 19. exd5 {195} d6 {159} 20. b3 {788} Bf5 {54} 21. g4 {36} Bd7 {7} 22. h4 {85
} Qb4 {67} 23. Rc4 {26} Qa5 {12} 24. Re1 {152} Rfe8 {236} 25. Rce4 {107} Qa4 {
31} 26. a3 Qxa3 {0} 27. Qf3 {357} Qa2 {0} 0-1

[Event "Championnat de France Alpe d'Huez 2023 "]
[Site "ALPE D'HUEZ, France"]
[Date "2023.08.21"]
[Round "3.9"]
[White "CIARLETTA, Ulysse"]
[Black "ACIKGOZ, Tuncay"]
[Result "1-0"]
[ECO "E05"]
[WhiteElo "1937"]
[BlackElo "1883"]
[PlyCount "141"]
[EventDate "2023.08.??"]
[TimeControl "1/40+30:0"]

1. d4 {8} d5 {7} 2. c4 {7} e6 {5} 3. g3 {11} Nf6 {120} 4. Bg2 {15} Be7 {21} 5.
Nf3 {11} O-O {59} 6. O-O {10} dxc4 {6} 7. Ne5 {19} c5 {70} 8. Na3 {79} Qxd4 {
184} 9. Qxd4 {92} cxd4 {5} 10. Naxc4 {13} Nc6 {51} 11. Nxc6 {178} bxc6 {6} 12.
Bxc6 {72} Rb8 {4} 13. Bf3 {386} Bb7 {301} 14. Bxb7 {304} Rxb7 {5} 15. Rd1 {19}
Bc5 {352} 16. b3 {1128} Re8 {499} 17. Bf4 {128} Ne4 {814} 18. e3 {420} Rd7 {803
} 19. Rac1 {580} Rd5 {502} 20. exd4 {190} Bxd4 {12} 21. Ne3 {85} Rd7 {707} 22.
Rc4 {504} Red8 {22} 23. Be5 {170} Ng5 {443} 24. Kg2 {287} Bb6 {49} 25. Rxd7 {
171} Rxd7 {8} 26. Rc8+ {140} Rd8 {2} 27. Rxd8+ {17} Bxd8 {4} 28. f3 {234} f6 {
115} 29. Bd4 {51} a6 {20} 30. Nc2 {97} e5 {16} 31. Be3 {42} Be7 {681} 32. Bxg5
{86} fxg5 {2} 33. Kf2 {17} Bc5+ {145} 34. Ke2 {9} h5 {15} 35. h3 {116} Kf7 {183
} 36. Kd3 {10} Ke6 {44} 37. Ke4 {6} a5 {90} 38. g4 {8} g6 {20} 39. a3 {139} Bb6
{87} 40. b4 {72} a4 {36} 41. Ne1 {58} Bd4 {65} 42. Nd3 {259} hxg4 {10} 43. hxg4
{60} Kd6 {40} 44. Ne1 {242} Bb2 {139} 45. Nc2 {10} Ke6 {273} 46. Kd3 {574} Kd5
{506} 47. Ne3+ {24} Kc6 {1} 48. Nc4 {16} Bd4 {6} 49. Ke4 {107} Kb5 {8} 50. Kd5
{7} Bc3 {72} 51. Nd6+ {202} Kb6 {13} 52. Kc4 {225} Bb2 {47} 53. Nf7 {206} Bxa3
{189} 54. Nxe5 {55} Bb2 {71} 55. Nxg6 {37} a3 {82} 56. Kb3 {6} Bc1 {1} 57. Ne5
{40} Kb5 {22} 58. Nd3 {73} Bd2 {297} 59. Kxa3 {55} Kc4 {1} 60. Ne5+ {24} Kd4 {
15} 61. Nf7 {19} Bf4 {14} 62. b5 {27} Kd5 {40} 63. Ka4 {149} Ke6 {32} 64. Nh6 {
11} Bc7 {57} 65. Kb4 {22} Kd5 {3} 66. Nf7 {26} Bf4 {30} 67. Ka5 {13} Be3 {271}
68. Ka6 {20} Kc5 {11} 69. b6 {42} Kc6 {3} 70. b7 {5} Kc7 {173} 71. Nd8 {38} 1-0

[Event "Championnat de France Alpe d'Huez 2023 "]
[Site "ALPE D'HUEZ, France"]
[Date "2023.08.21"]
[Round "3.10"]
[White "DEBERLE, Arman"]
[Black "MELIS, Achille"]
[Result "1/2-1/2"]
[ECO "B23"]
[WhiteElo "1864"]
[BlackElo "1935"]
[PlyCount "98"]
[EventDate "2023.08.??"]
[TimeControl "1/40+30:0"]

1. e4 {11} c5 {9} 2. Nc3 {12} e6 {11} 3. Nge2 {8} d6 {33} 4. g3 {25} Nc6 {12}
5. Bg2 {29} g6 {63} 6. d4 {80} cxd4 {76} 7. Nxd4 {5} a6 {380} 8. O-O {381} Bg7
{221} 9. Be3 {601} Nge7 {332} 10. Nxc6 {815} bxc6 {150} 11. Qd3 {511} O-O {338}
12. Rad1 {104} d5 {26} 13. Na4 {154} a5 {1185} 14. Qa3 {476} Ba6 {624} 15. Rfe1
{49} Bb5 {438} 16. Bc5 {366} Re8 {42} 17. Nb6 {191} Ra6 {232} 18. c4 {50} Rxb6
{62} 19. Bxb6 {11} Qxb6 {11} 20. cxb5 {11} Qxb5 {46} 21. e5 {842} c5 {144} 22.
Bf1 {114} Qb6 {63} 23. Rc1 {270} Rc8 {69} 24. Rc2 {299} Nf5 {191} 25. Rec1 {197
} Bf8 {36} 26. Rd2 {195} c4 {129} 27. Qf3 {34} Bh6 {24} 28. Rcd1 {37} Bxd2 {216
} 29. Rxd2 {5} d4 {98} 30. g4 {176} Ne7 {49} 31. Qe4 {151} d3 {40} 32. a3 {69}
Nd5 {32} 33. h3 {72} Qb5 {123} 34. Kh2 {48} Ne7 {81} 35. Kg3 {52} Qd5 {129} 36.
Bg2 {22} Rc5 {75} 37. f4 {33} Nc6 {47} 38. Qe3 {47} Qd4 {141} 39. Kf2 {17}
Qxe3+ {87} 40. Kxe3 {6} Kf8 {469} 41. Bxc6 {540} Rxc6 {9} 42. Kd4 {4} Ke7 {203}
43. Kc3 {10} a4 {267} 44. g5 {308} Kd7 {93} 45. Kb4 {152} Kc7 {36} 46. Kb5 {49}
Kb7 {75} 47. Rd1 {92} Rc7 {296} 48. Rd2 {132} Rc8 {304} 49. Rd1 {28} Rc7 {361}
1/2-1/2

[Event "Championnat de France Alpe d'Huez 2023 "]
[Site "ALPE D'HUEZ, France"]
[Date "2023.08.21"]
[Round "3.11"]
[White "DUBOIS, Marie"]
[Black "ROGANOVA, Maxime"]
[Result "0-1"]
[ECO "E85"]
[WhiteElo "1922"]
[BlackElo "1865"]
[PlyCount "67"]
[EventDate "2023.08.??"]
[TimeControl "1/40+30:0"]

1. d4 {2} Nf6 {6} 2. c4 {6} g6 {4} 3. f3 {5} Bg7 {5} 4. e4 {5} d6 {4} 5. Nc3 {8
} O-O {8} 6. Be3 {6} e5 {5} 7. Nge2 {40} exd4 {37} 8. Nxd4 {16} Nc6 {63} 9. Qd2
{242} a5 {523} 10. Ndb5 {502} Nb4 {915} 11. a3 {998} Na6 {69} 12. Bg5 {9} h6 {
166} 13. Be3 {730} Qe7 {219} 14. h4 {216} d5 {735} 15. Nxd5 {198} Nxd5 {42} 16.
cxd5 {22} f5 {119} 17. Bc4 {436} Kh7 {45} 18. h5 {28} g5 {209} 19. O-O {612}
fxe4 {268} 20. fxe4 {10} Bg4 {12} 21. Bd4 {1003} Bxh5 {327} 22. Bxg7 {339} Qxg7
{15} 23. Nd4 {55} Nc5 {197} 24. Rfe1 {218} Qe5 {108} 25. Rac1 {194} Bg6 {75}
26. Nf3 {49} Qg3 {8} 27. Qf2 {188} Qxf2+ {8} 28. Kxf2 {5} g4 {6} 29. e5 {29}
gxf3 {20} 30. gxf3 {4} b6 {357} 31. b4 {99} axb4 {25} 32. axb4 {4} Ne4+ {56}
33. Kg2 {70} Nd2 {27} 34. Be2 {71} 0-1

[Event "Championnat de France Alpe d'Huez 2023 "]
[Site "ALPE D'HUEZ, France"]
[Date "2023.08.21"]
[Round "3.12"]
[White "FISCHER, Thorange"]
[Black "PLAIDIT, Hugo"]
[Result "1-0"]
[ECO "A46"]
[WhiteElo "1845"]
[BlackElo "1920"]
[PlyCount "92"]
[EventDate "2023.08.??"]
[TimeControl "1/40+30:0"]

1. Nf3 {289} Nf6 {11} 2. g3 {2} b5 {29} 3. d4 {207} Bb7 {25} 4. Bg2 {11} e6 {8}
5. O-O {60} c5 {17} 6. c3 {359} Be7 {12} 7. a4 {228} b4 {24} 8. Bg5 {540} O-O {
268} 9. a5 {977} Na6 {381} 10. dxc5 {1037} Rc8 {954} 11. Bxf6 {1094} gxf6 {337}
12. Qd3 {449} Nxc5 {222} 13. Qc4 {171} bxc3 {350} 14. Nxc3 {47} Ne4 {41} 15.
Qb3 {19} Nxc3 {14} 16. Qxb7 {21} Rb8 {464} 17. Qxa7 {26} Nxe2+ {15} 18. Kh1 {2}
Rxb2 {21} 19. Qe3 {80} Qc7 {368} 20. Nd2 {97} Qc2 {120} 21. Qxe2 {46} Qxd2 {20}
22. Qxd2 {94} Rxd2 {1} 23. a6 {4} d5 {45} 24. a7 {43} Ra8 {0} 25. Rfb1 {62} Bd6
{63} 26. f4 {56} Rc2 {144} 27. Rb6 {53} Bc7 {33} 28. Rb7 {6} Kf8 {52} 29. Bf1 {
69} h6 {140} 30. Bb5 {28} Rc5 {584} 31. Ra6 {0} Rxb5 {41} 32. Rxb5 {5} Ke7 {17}
33. Kg2 {73} Kd7 {91} 34. Kf3 {35} h5 {70} 35. Ke3 {29} Ke7 {34} 36. Rb7 {31}
Kd7 {11} 37. Kd4 {67} Kc8 {14} 38. Rb5 {12} h4 {16} 39. gxh4 {79} Bxf4 {2} 40.
h5 {16} Bxh2 {37} 41. h6 {22} Be5+ {8} 42. Kc5 {39} f5 {167} 43. h7 {32} f4 {8}
44. Rc6+ {36} Kd7 {37} 45. Rb7+ {9} Kd8 {19} 46. Rb8+ {31} Ke7 {39} 1-0

[Event "Championnat de France Alpe d'Huez 2023 "]
[Site "ALPE D'HUEZ, France"]
[Date "2023.08.22"]
[Round "4.9"]
[White "LAMARQUE, Damien"]
[Black "CIARLETTA, Ulysse"]
[Result "1-0"]
[ECO "E20"]
[WhiteElo "1899"]
[BlackElo "1937"]
[PlyCount "43"]
[EventDate "2023.08.??"]
[TimeControl "1/40+30:0"]

1. d4 {0} Nf6 {10} 2. c4 {4} e6 {8} 3. Nc3 {3} Bb4 {7} 4. f3 {14} Bxc3+ {52} 5.
bxc3 {5} O-O {9} 6. e4 {8} d6 {10} 7. Bd3 {63} e5 {9} 8. Ne2 {48} h6 {223} 9.
g4 {304} Nfd7 {539} 10. h4 {62} Nc6 {158} 11. Be3 {273} Na5 {362} 12. Ng3 {34}
Nb6 {317} 13. Qe2 {15} f6 {684} 14. Kf2 {424} Qe8 {463} 15. Rag1 {298} Kh7 {339
} 16. g5 {277} Rh8 {578} 17. gxf6 {198} gxf6 {12} 18. f4 {124} Be6 {327} 19.
Nh5 {79} Rf8 {7} 20. d5 {139} Bg8 {104} 21. Qg4 {89} Qd7 {106} 22. f5 {260} 1-0

[Event "Championnat de France Alpe d'Huez 2023 "]
[Site "ALPE D'HUEZ, France"]
[Date "2023.08.22"]
[Round "4.10"]
[White "ROGANOVA, Maxime"]
[Black "KANTZER, Romain"]
[Result "1-0"]
[ECO "B21"]
[WhiteElo "1865"]
[BlackElo "1915"]
[PlyCount "43"]
[EventDate "2023.08.??"]
[TimeControl "1/40+30:0"]

1. e4 {1} c5 {98} 2. d4 {5} cxd4 {37} 3. c3 {7} dxc3 {46} 4. Nxc3 {7} Nc6 {29}
5. Nf3 {7} e6 {47} 6. Bc4 {7} a6 {13} 7. O-O {6} Nge7 {122} 8. Bg5 {20} f6 {71}
9. Be3 {5} Ng6 {544} 10. Nd4 {89} Be7 {547} 11. f4 {24} b5 {88} 12. Bb3 {18}
Na5 {242} 13. f5 {78} Nxb3 {186} 14. axb3 {15} Ne5 {81} 15. Qh5+ {7} Nf7 {150}
16. Rfd1 {96} Qb6 {714} 17. fxe6 {673} dxe6 {17} 18. Nf5 {837} g6 {410} 19.
Bxb6 {150} gxh5 {96} 20. Nxe7 {13} Kxe7 {11} 21. Bc5+ {5} Ke8 {9} 22. Nxb5 {5}
1-0

[Event "Championnat de France Alpe d'Huez 2023 "]
[Site "ALPE D'HUEZ, France"]
[Date "2023.08.22"]
[Round "4.11"]
[White "PETIT, Eric-Thierry"]
[Black "FISCHER, Thorange"]
[Result "1-0"]
[ECO "B22"]
[WhiteElo "1915"]
[BlackElo "1845"]
[PlyCount "63"]
[EventDate "2023.08.??"]
[TimeControl "1/40+30:0"]

1. e4 {2} c5 {191} 2. Nf3 {10} Nc6 {4} 3. c3 {9} Nf6 {5} 4. e5 {25} Nd5 {3} 5.
d4 {31} cxd4 {6} 6. cxd4 {15} d6 {7} 7. Bc4 {67} Nb6 {5} 8. Bb3 {61} e6 {281}
9. exd6 {415} Bxd6 {188} 10. O-O {14} Nd5 {1772} 11. Nc3 {744} Nce7 {1169} 12.
Re1 {326} O-O {343} 13. Bg5 {676} Nxc3 {359} 14. bxc3 {77} Qc7 {227} 15. Qd3 {
545} b6 {114} 16. Bc2 {142} Ng6 {30} 17. h4 {51} a5 {132} 18. h5 {630} Ba6 {8}
19. Qe4 {6} Bb7 {4} 20. Qg4 {106} Nf4 {238} 21. Bf6 {165} g6 {193} 22. Re5 {178
} Bxe5 {176} 23. Bxe5 {349} Qxc3 {112} 24. Qxf4 {261} f6 {181} 25. Qh6 {389}
Qxc2 {95} 26. Rc1 {206} Qxc1+ {174} 27. Qxc1 {10} Bxf3 {74} 28. Bd6 {125} Rfc8
{69} 29. Qf4 {97} Bxh5 {23} 30. Qxf6 {9} Rc1+ {90} 31. Kh2 {9} Ra7 {2} 32. Be5
{92} 1-0

[Event "Championnat de France Alpe d'Huez 2023 "]
[Site "ALPE D'HUEZ, France"]
[Date "2023.08.22"]
[Round "4.12"]
[White "MELIS, Achille"]
[Black "ALFANO, Emilie"]
[Result "1-0"]
[ECO "C45"]
[WhiteElo "1935"]
[BlackElo "1850"]
[PlyCount "127"]
[EventDate "2023.08.??"]
[TimeControl "1/40+30:0"]

1. e4 {4} e5 {6} 2. Nf3 {4} Nc6 {5} 3. d4 {4} exd4 {5} 4. Nxd4 {4} Bc5 {32} 5.
Nxc6 {8} Qf6 {56} 6. Qd2 {7} dxc6 {218} 7. Nc3 {8} Be6 {244} 8. Na4 {39} Rd8 {
387} 9. Bd3 {37} Bd4 {267} 10. O-O {34} Ne7 {515} 11. Qf4 {713} b5 {998} 12.
Qxf6 {206} gxf6 {158} 13. Nc3 {103} f5 {314} 14. Bg5 {1175} f6 {338} 15. Bf4 {
400} Bxc3 {936} 16. bxc3 {35} fxe4 {10} 17. Bxe4 {36} Bd5 {70} 18. Rfe1 {224}
Kd7 {61} 19. a4 {480} a6 {302} 20. axb5 {92} axb5 {41} 21. Ra7 {168} Rc8 {26}
22. Bd3 {148} Rhg8 {386} 23. g3 {489} Rg7 {26} 24. Bf1 {284} Bf3 {156} 25. Re3
{407} Bg4 {65} 26. Rd3+ {156} Nd5 {30} 27. Rd4 {171} Be6 {156} 28. c4 {78} bxc4
{28} 29. Bxc4 {38} Ke8 {98} 30. Bd2 {212} Rd7 {80} 31. Ba5 {111} Kf7 {273} 32.
Rh4 {23} Kg8 {41} 33. Bd3 {131} Kh8 {67} 34. Rh6 {67} Rf7 {33} 35. c4 {72} Ne7
{14} 36. Bc3 {83} Ng8 {27} 37. Rh5 {10} Rd7 {24} 38. Bc2 {49} Rf8 {43} 39. Rc5
{39} Ne7 {33} 40. f3 {89} Kg7 {35} 41. g4 {34} Rc8 {34} 42. Rh5 {393} Ng6 {78}
43. g5 {147} Rf8 {311} 44. Bxf6+ {212} Rxf6 {63} 45. gxf6+ {9} Kxf6 {3} 46.
Bxg6 {82} hxg6 {26} 47. Rc5 {28} Rd4 {26} 48. Rxc6 {36} Rxc4 {9} 49. Raxc7 {9}
Rxc6 {12} 50. Rxc6 {8} Kf5 {9} 51. Kf2 {11} Ba2 {63} 52. Kg3 {60} Kg5 {13} 53.
Rc5+ {19} Kh6 {9} 54. Kf4 {33} Bb1 {7} 55. h4 {69} Bd3 {103} 56. Rg5 {57} Bc2 {
34} 57. Ke5 {29} Bd1 {21} 58. f4 {9} Bc2 {23} 59. Kf6 {12} Be4 {14} 60. Re5 {28
} Bb1 {5} 61. Re8 {35} Kh7 {38} 62. Kg5 {7} Bd3 {22} 63. Re7+ {8} Kg8 {5} 64.
Kf6 {11} 1-0

[Event "Championnat de France Alpe d'Huez 2023 "]
[Site "ALPE D'HUEZ, France"]
[Date "2023.08.23"]
[Round "5.9"]
[White "PETIT, Eric-Thierry"]
[Black "LAMARQUE, Damien"]
[Result "1-0"]
[ECO "B52"]
[WhiteElo "1915"]
[BlackElo "1899"]
[PlyCount "87"]
[EventDate "2023.08.??"]
[TimeControl "1/40+30:0"]

1. e4 {0} c5 {25} 2. Nf3 {6} d6 {4} 3. Bb5+ {26} Bd7 {8} 4. Bxd7+ {18} Qxd7 {5}
5. O-O {12} Nc6 {69} 6. c3 {28} Nf6 {76} 7. d4 {55} cxd4 {241} 8. cxd4 {91}
Nxe4 {459} 9. d5 {46} Nd8 {69} 10. Re1 {39} Nf6 {10} 11. Bg5 {108} e6 {72} 12.
Bxf6 {308} gxf6 {32} 13. Nh4 {143} Rg8 {441} 14. Nc3 {823} e5 {1401} 15. Ne4 {
459} Be7 {346} 16. Qf3 {377} Qg4 {582} 17. Qxg4 {584} Rxg4 {59} 18. Nf5 {10}
Rf4 {727} 19. Nfxd6+ {762} Bxd6 {25} 20. Nxd6+ {8} Kd7 {11} 21. Ne4 {85} f5 {
134} 22. Nf6+ {265} Ke7 {464} 23. Nh5 {123} Rb4 {143} 24. Rxe5+ {330} Kd6 {7}
25. Rxf5 {25} Rxb2 {7} 26. g4 {224} Rc8 {41} 27. Ng3 {41} Rc4 {40} 28. Rg5 {116
} Rf4 {60} 29. Nf5+ {127} Kd7 {113} 30. Re1 {55} Kc7 {251} 31. Rc1+ {415} Kb6 {
83} 32. Rg8 {44} Rfxf2 {22} 33. Ne3 {65} Rxa2 {161} 34. Rxd8 {12} Rxh2 {42} 35.
d6 {35} Rhe2 {26} 36. Re8 {40} Kb5 {102} 37. d7 {60} Rad2 {7} 38. d8=Q {228}
Rxd8 {13} 39. Rxd8 {9} Rxe3 {2} 40. Kf2 {57} Rb3 {0} 41. Rd7 {56} Ka5 {48} 42.
Rxf7 {161} b5 {10} 43. Rxa7+ {37} Kb6 {7} 44. Rxh7 {43} 1-0

[Event "Championnat de France Alpe d'Huez 2023 "]
[Site "ALPE D'HUEZ, France"]
[Date "2023.08.23"]
[Round "5.10"]
[White "DEBERLE, Arman"]
[Black "ROGANOVA, Maxime"]
[Result "1/2-1/2"]
[ECO "D78"]
[WhiteElo "1864"]
[BlackElo "1865"]
[PlyCount "86"]
[EventDate "2023.08.??"]
[TimeControl "1/40+30:0"]

1. Nf3 {42} Nf6 {6} 2. g3 {10} g6 {7} 3. b3 {5} Bg7 {5} 4. Bb2 {7} O-O {6} 5.
Bg2 {8} d5 {12} 6. c4 {70} c6 {17} 7. O-O {37} Nbd7 {9} 8. d4 {14} Ne4 {18} 9.
Nbd2 {176} Ndf6 {188} 10. Rc1 {299} Bf5 {340} 11. Nh4 {287} Nd6 {299} 12. Nxf5
{606} gxf5 {71} 13. Nf3 {244} Rc8 {133} 14. Ne5 {301} e6 {305} 15. c5 {504}
Nde8 {44} 16. b4 {16} Nd7 {237} 17. a4 {524} Nef6 {151} 18. Nd3 {278} Rb8 {219}
19. b5 {181} Ne8 {307} 20. Bc3 {357} f6 {163} 21. f4 {94} Qc7 {1160} 22. e3 {64
} e5 {187} 23. Qh5 {128} e4 {298} 24. Nb4 {145} a5 {531} 25. bxa6 {184} b6 {18}
26. cxb6 {187} Nxb6 {25} 27. a7 {792} Rc8 {80} 28. Na6 {282} Qxa7 {10} 29. Nc5
{11} Nd6 {128} 30. Bb4 {328} Nbc4 {24} 31. Qe2 {27} Rfe8 {285} 32. Rb1 {27} Rb8
{31} 33. Rb3 {22} Bf8 {87} 34. Rfb1 {20} Nf7 {36} 35. Qa2 {47} Rxb4 {143} 36.
Rxb4 {22} Bxc5 {6} 37. Rb7 {40} Qa5 {5} 38. dxc5 {19} Qxc5 {6} 39. Qf2 {58}
Nxe3 {44} 40. a5 {90} d4 {119} 41. a6 {641} Ng4 {271} 42. Qa2 {103} d3+ {5} 43.
Kh1 {28} Nf2+ {65} 1/2-1/2